Map: Equilibrium LE

Players

ANGEEE

  • Race: Zerg Zerg
  • League: Diamond
  • Spawn Location: 1:00

SubN - Winner!

  • Race: Zerg Zerg
  • League: Diamond
  • Spawn Location: 11:00

VOD

Have the link to the VOD?

Description

Time

  • Played on: Jan. 20, 2024, 7:18 p.m.
  • Length: 20:55
Show
View Real Time Build Order
Export as new Build Order

ANGEEE Zerg 

Build Orders: Pool First 

Get SALT Encoding   

  12  0:01  Drone  
  13  0:08  Drone  
  14  0:26  Spawning Pool  
  13  0:29  Drone  
  13  0:32  Extractor  
  13  0:35  Drone  
  14  0:42  Drone, Extractor  
  14  0:49  Overlord  
  15  1:12  Queen  
  15  1:14  Zergling x4  
  15  1:15  Zergling x2  
  20  1:28  Zergling x2  
  21  1:33  Metabolic Boost  
  21  1:39  Zergling x2  
  22  2:02  Overlord  
  22  2:17  Spine Crawler  
  22  2:19  Spine Crawler  
  22  2:22  Zergling x6  
  23  2:23  Zergling x4  
  25  2:40  Drone x2  
  27  3:05  Drone x2  
  29  3:16  Hatchery, Lair  
  28  3:31  Drone  
  28  3:32  Overlord  
  29  3:47  Drone  
  29  4:05  Drone x3  
  32  4:37  Spire  
  31  4:42  Drone x2  
  31  4:44  Spine Crawler  
  32  4:48  Spine Crawler  
  32  4:49  Drone  
  32  4:50  Drone x5  
  37  4:53  Extractor  
  36  5:09  Evolution Chamber x2  
  35  5:15  Drone x3  
  35  5:20  Drone x3  
  42  5:21  Drone x2  
  42  5:23  Extractor  
  42  5:33  Overlord  
  42  5:35  Overlord x2  
  42  5:36  Extractor  
  41  5:58  Mutalisk x2  
  41  6:00  Mutalisk  
  47  6:11  Mutalisk  
  47  6:18  Drone x3  
  51  6:24  Mutalisk  
  52  6:53  Mutalisk x3  
  56  6:58  Drone x3  
  61  7:17  Queen  
  61  7:18  Spine Crawler  
  61  7:19  Queen  
  61  7:21  Spine Crawler  
  61  7:36  Mutalisk x3  
  56  8:09  Drone x5  
  56  8:10  Drone  
  62  8:24  Drone x3  
  65  8:32  Baneling Nest  
  64  8:38  Drone x2, Queen  
  68  8:49  Overlord x2  
  68  8:50  Overlord  
  68  9:02  Zerg Melee Weapons Level 1  
  68  9:03  Zerg Ground Armor Level 1  
  68  9:07  Queen  
  68  9:08  Zerg Flyer Weapons Level 1  
  70  9:14  Pneumatized Carapace  
  70  9:21  Drone x2  
  70  9:22  Drone x3  
  75  9:45  Centrifugal Hooks  
  75  9:51  Infestation Pit  
  74  10:11  Zergling x2, Hatchery  
  74  10:12  Zergling x10  
  79  10:14  Zergling x6, Hatchery  
  79  10:15  Zergling x6  
  84  10:41  Zergling x4  
  86  10:42  Baneling  
  86  10:43  Baneling x11  
  86  10:45  Zergling x4  
  86  10:47  Baneling  
  86  10:48  Baneling x11  
  88  11:03  Zerg Flyer Armor Level 1  
  88  11:09  Zerg Melee Weapons Level 2  
  88  11:23  Zerg Ground Armor Level 2  
  88  11:27  Drone  
  89  11:34  Drone x3, Overlord x2  
  89  11:35  Drone x2  
  89  11:36  Drone  
  89  11:39  Drone x4  
  100  11:40  Drone x3  
  79  12:15  Zergling x12  
  83  12:17  Zergling x12  
  89  12:38  Baneling x12  
  89  12:40  Zergling x6  
  89  12:41  Zergling x6  
  89  12:42  Zergling x2  
  89  12:43  Zergling x8  
  100  12:44  Zergling x4  
  102  12:52  Hive  
  102  13:01  Zergling x8  
  102  13:03  Zergling x4  
  108  13:07  Zerg Flyer Weapons Level 2  
  108  13:12  Zergling x6  
  111  13:14  Unknown  
  111  13:15  Spine Crawler x2  
  111  13:17  Spine Crawler  
  111  13:19  Drone x4, Spine Crawler x2  
  111  13:20  Drone x3  
  112  13:30  Overlord  
  112  13:31  Overlord  
  112  13:36  Baneling x9  
  112  13:37  Baneling x5  
  112  13:43  Extractor  
  112  13:45  Overlord x5, Extractor  
  112  13:46  Spine Crawler  
  109  13:54  Zergling x12  
  115  14:16  Adrenal Glands  
  112  14:18  Ultralisk Cavern  
  109  14:25  Mutalisk  
  109  14:26  Mutalisk x5  
  109  14:27  Mutalisk  
  109  14:28  Mutalisk  
  96  15:35  Drone  
  96  15:36  Drone x2  
  96  15:38  Queen  
  96  15:39  Queen  
  96  15:41  Ultralisk  
  96  15:42  Ultralisk x3  
  127  15:47  Drone x3  
  127  15:48  Drone  
  131  15:51  Drone x3  
  134  16:15  Queen  
  128  16:19  Chitinous Plating  
  128  16:39  Ultralisk x2  
  139  16:47  Mutalisk  
  139  16:48  Ultralisk  
  139  16:51  Overlord x5  
  147  17:08  Hatchery  
  86  17:27  Zergling x12  
  84  17:30  Zergling x2  
  84  17:31  Zergling x20  
  95  17:37  Anabolic Synthesis  
  95  17:42  Drone  
  79  18:20  Mutalisk  
  79  18:21  Mutalisk x4  
  79  18:24  Ultralisk, Mutalisk x4  
  96  18:51  Greater Spire  
  96  18:52  Mutalisk x3  
  102  18:56  Zergling x8  
  102  18:59  Zergling x6  
  102  19:01  Zergling x4  
  102  19:02  Zergling x2  
  112  19:20  Corruptor x4  
  120  19:27  Corruptor  
  120  19:28  Corruptor  
  72  20:00  Drone x5  
  72  20:02  Spine Crawler  
  76  20:08  Corruptor x4  
  84  20:15  Zergling x6  
  84  20:16  Spine Crawler  
  84  20:18  Spine Crawler  
  84  20:20  Brood Lord  
  87  20:35  Baneling x3  
  87  20:36  Baneling x3  
Show
View Real Time Build Order
Export as new Build Order

SubN Zerg - Winner!

Build Orders: Hatch First 

Get SALT Encoding   

  12  0:00  Drone  
  13  0:12  Overlord  
  13  0:17  Drone  
  14  0:30  Drone x2  
  16  0:50  Hatchery  
  16  0:53  Drone  
  16  0:56  Drone  
  17  0:59  Drone  
  18  1:07  Extractor  
  17  1:18  Spawning Pool  
  16  1:19  Drone  
  16  1:23  Drone  
  18  1:28  Drone  
  19  1:38  Drone  
  20  1:49  Overlord  
  20  2:05  Queen  
  20  2:06  Queen  
  20  2:07  Zergling x4  
  26  2:12  Spine Crawler  
  26  2:14  Drone  
  26  2:17  Zergling x2  
  27  2:32  Metabolic Boost  
  27  2:33  Spine Crawler  
  26  2:45  Drone, Roach Warren  
  26  2:50  Overlord  
  24  3:02  Lair  
  24  3:07  Zergling x2  
  24  3:08  Zergling x2  
  26  3:24  Overlord  
  25  3:35  Drone x4  
  29  3:55  Roach x4  
  37  4:04  Zergling x2  
  38  4:20  Overlord  
  38  4:30  Hatchery  
  37  4:38  Queen  
  39  4:39  Glial Reconstitution  
  39  4:40  Extractor  
  39  4:41  Roach x2  
  42  4:46  Roach  
  42  4:52  Roach  
  46  5:00  Overlord  
  46  5:10  Overlord  
  46  5:12  Overlord  
  46  5:19  Drone x2  
  48  5:28  Ravager x2  
  50  5:37  Drone x4  
  54  5:43  Queen  
  56  5:53  Drone x3  
  59  6:01  Roach x2  
  63  6:07  Roach  
  65  6:14  Roach  
  65  6:16  Drone  
  68  6:23  Roach  
  70  6:31  Drone  
  69  6:47  Queen  
  69  6:49  Spore Crawler  
  69  6:52  Spore Crawler  
  69  6:57  Roach x3  
  69  7:01  Overlord x4  
  74  7:19  Overlord x4  
  56  7:45  Drone  
  56  7:46  Drone x7  
  50  8:01  Roach x2  
  50  8:10  Roach x2  
  54  8:13  Queen  
  54  8:14  Queen  
  58  8:23  Spore Crawler  
  58  8:25  Roach x3  
  61  8:30  Extractor  
  61  8:32  Extractor, Hydralisk Den  
  58  8:36  Spore Crawler  
  58  8:39  Baneling Nest  
  56  8:45  Spore Crawler x2  
  56  8:46  Drone  
  56  8:47  Drone x3  
  56  8:48  Drone x4  
  62  8:56  Roach, Spore Crawler  
  63  9:05  Hydralisk  
  63  9:06  Hydralisk  
  63  9:08  Hydralisk  
  69  9:18  Hydralisk x3  
  69  9:23  Centrifugal Hooks  
  75  9:25  Muscular Augments  
  75  9:39  Hydralisk  
  75  9:42  Evolution Chamber x2  
  75  9:44  Overlord  
  75  9:48  Drone  
  75  9:49  Drone  
  75  9:52  Drone  
  78  10:10  Hydralisk  
  78  10:13  Hatchery  
  78  10:14  Hydralisk  
  81  10:22  Zerg Missile Weapons Level 1  
  81  10:26  Zerg Ground Armor Level 1  
  81  10:29  Grooved Spines  
  81  10:47  Drone, Hydralisk  
  81  10:48  Hydralisk x2  
  88  10:56  Hatchery  
  87  11:01  Overlord  
  87  11:02  Overlord  
  87  11:06  Overlord  
  87  11:08  Drone x4  
  91  11:19  Hydralisk  
  91  11:20  Hydralisk x2  
  97  11:31  Drone x3  
  97  11:32  Drone  
  101  11:41  Hydralisk x2  
  81  12:07  Hydralisk  
  81  12:08  Hydralisk x6  
  77  12:18  Queen  
  77  12:20  Drone  
  77  12:21  Drone x2, Zerg Melee Weapons Level 1  
  82  12:25  Spore Crawler  
  82  12:27  Spore Crawler  
  80  12:36  Drone x6  
  86  12:40  Extractor  
  86  12:42  Extractor  
  84  12:51  Roach x5  
  86  12:57  Drone x3  
  97  13:03  Drone  
  97  13:04  Drone x2  
  97  13:05  Drone x2  
  102  13:08  Pneumatized Carapace  
  102  13:13  Drone  
  102  13:14  Drone  
  104  13:21  Roach  
  104  13:22  Roach x3  
  112  13:28  Queen x2  
  112  13:30  Zerg Missile Weapons Level 2  
  116  13:39  Hatchery  
  115  13:45  Drone  
  115  13:46  Infestation Pit  
  115  13:50  Overseer  
  115  13:53  Overlord  
  115  13:54  Overlord  
  115  13:56  Roach x4  
  123  14:04  Zergling x2  
  124  14:16  Zergling x12  
  124  14:17  Zergling x14  
  137  14:26  Drone  
  137  14:28  Spore Crawler  
  137  14:34  Drone x2, Spore Crawler  
  137  14:36  Drone, Spore Crawler  
  138  14:41  Baneling x10  
  138  14:48  Hatchery  
  135  15:07  Hydralisk x5  
  105  15:29  Hydralisk x11  
  127  15:37  Zergling x8  
  131  16:03  Infestor x5  
  140  16:18  Infestor x2  
  144  16:27  Overlord x3, Spore Crawler  
  144  16:28  Queen, Spore Crawler  
  144  16:33  Zerg Ground Armor Level 2  
  143  16:46  Extractor  
  142  16:48  Extractor  
  142  16:51  Zerg Melee Weapons Level 2  
  141  16:55  Hive  
  141  17:04  Queen  
  141  17:07  Hatchery  
  102  17:19  Roach  
  102  17:20  Roach x10  
  102  17:21  Roach  
  106  17:28  Infestor  
  106  17:29  Infestor x2  
  108  17:43  Zergling x22  
  119  17:51  Roach  
  119  17:52  Roach  
  123  18:00  Roach x2  
  123  18:01  Roach x2  
  131  18:12  Drone  
  117  18:22  Lurker Den  
  94  18:28  Roach x5  
  94  18:29  Roach x10  
  122  18:38  Queen  
  122  18:39  Overlord  
  122  18:40  Overlord  
  124  18:51  Drone x9  
  133  18:58  Drone x6  
  139  19:03  Hydralisk  
  139  19:04  Hydralisk  
  139  19:06  Hydralisk  
  145  19:14  Infestor  
  147  19:19  Hydralisk x4  
  155  19:29  Hydralisk  
  155  19:30  Hydralisk x4  
  165  19:35  Lurker x2  
  147  20:00  Lurker x3  
  147  20:02  Hydralisk  
  147  20:03  Hydralisk  
  154  20:08  Drone x2  
  154  20:09  Drone  
  154  20:10  Drone x2, Extractor  
  154  20:11  Drone, Extractor  
  154  20:12  Drone x3  
  154  20:13  Drone  
  162  20:15  Drone  
  162  20:17  Drone  
  164  20:28  Overseer  
Tags
 
Add a new tag
Caveats
  • Supply blocks, unpowered buildings, or Contaminate may cause inaccurate times.
  • Supply counts are checked every 10 seconds.